 Dungeon Crawl Stone Soup version 0.22.0-75-g3901e7991e (webtiles) character file.

641 JedernureinKreuz the Conjurer (level 7, -4/51 HPs)
             Began as a Gnoll Conjurer on Sept 12, 2018.
             Slain by an ogre
             ... wielding a +0 giant club
              (22 damage)
             ... on level 4 of the Dungeon.
             The game lasted 00:13:30 (3341 turns).

JedernureinKreuz the Conjurer (Gnoll Conjurer)      Turns: 3341, Time: 00:13:31

Health: -4/51      AC:  4    Str: 10    XL:     7   Next: 51%
Magic:  11/15      EV: 14    Int: 20    God:
Gold:   106        SH:  0    Dex: 15    Spells: 9/17 levels left

rFire    + . .     SeeInvis .   i - +0 short sword
rCold    + . .     Gourm    .   (no shield)
rNeg     . . .     Faith    .   l - +0 leather armour
rPois    .         Spirit   .   p - +0 helmet
rElec    .         Reflect  .   y - scarf {rC+ rF+}
rCorr    .         Harm     .   (no gloves)
MR       .....                  (no boots)
Stlth    +++.......             (no amulet)
HPRegen  0.17/turn              (no ring)
MPRegen  0.14/turn              (no ring)

@: no status effects
A: distributed training, fangs 1, strong nose
a: no special abilities


You were on level 4 of the Dungeon.
You were hungry.

You visited 1 branch of the dungeon, and saw 4 of its levels.

You collected 106 gold pieces.

Inventory:

Hand Weapons
 i - a +0 short sword (weapon)
 m - a cursed -3 dagger
 x - a cursed -3 hunting sling
Missiles
 d - 66 stones (quivered)
 h - 63 arrows
 q - 37 poisoned needles
Armour
 a - a +0 robe
 l - a +0 leather armour (worn)
 o - a +0 helmet
 p - a +0 helmet (worn)
 y - a scarf of resistance (worn)
 C - a +0 leather armour
Jewellery
 k - an uncursed ring of stealth {unknown}
Wands
 z - a wand of flame (24)
Scrolls
 b - 3 scrolls of teleportation {unknown}
 e - a scroll of fear {unknown}
 f - a scroll of enchant armour {unknown}
 g - 2 scrolls of magic mapping {unknown}
 j - a scroll of fog {unknown}
 n - 3 scrolls of random uselessness {unknown}
 t - 3 scrolls of identify {unknown}
 v - a scroll of blinking {unknown}
 A - a scroll of remove curse {unknown}
 E - a scroll of amnesia {unknown}
Potions
 r - 2 potions of curing {unknown}
 s - a potion of degeneration {unknown}
 u - a potion of flight {unknown}
 w - a potion of cancellation {unknown}
 B - a potion of mutation {unknown}
Comestibles
 c - 11 rations


   Skills:
 + Level 2.5 Fighting
 + Level 2.5 Short Blades
 + Level 2.5 Long Blades
 + Level 2.5 Axes
 + Level 2.5 Maces & Flails
 + Level 2.5 Polearms
 + Level 2.5 Staves
 + Level 2.5 Slings
 + Level 2.5 Bows
 + Level 2.5 Crossbows
 + Level 2.5 Throwing
 + Level 2.5 Armour
 + Level 5.2 Dodging
 + Level 4.9 Stealth
 + Level 2.5 Shields
 + Level 2.5 Unarmed Combat
 + Level 5.6 Spellcasting
 + Level 7.4 Conjurations
 + Level 2.0 Hexes
 + Level 2.0 Charms
 + Level 2.0 Summonings
 + Level 2.0 Necromancy
 + Level 2.0 Translocations
 + Level 2.0 Transmutations
 + Level 2.0 Fire Magic
 + Level 2.0 Ice Magic
 + Level 2.0 Air Magic
 + Level 2.0 Earth Magic
 + Level 2.0 Poison Magic
 + Level 2.7 Invocations
 + Level 2.5 Evocations


You had 9 spell levels left.
You knew the following spells:

 Your Spells              Type           Power        Failure   Level  Hunger
a - Magic Dart            Conj           ####         1%          1    None
b - Iskenderun's Mystic   Conj           #####...     7%          4    ####...
c - Dazzling Spray        Conj/Hex       ###...       6%          3    ##.....

Your spell library contained the following spells:

 Spells                   Type           Power        Failure   Level  Hunger
 Searing Ray              Conj           #####.       1%          2    None
 Force Lance              Conj/Tloc      ###.....     21%         4    ####...
 Fulminant Prism          Conj/Hex       ###.......   21%         4    ####...


Dungeon Overview and Level Annotations

Branches:
Dungeon (4/15)
 Temple: D:4-7

Altars:
Dithmenos
Gozag
Hepliaklqana
Okawaru
Wu Jian


Innate Abilities, Weirdness & Mutations

Your experience applies equally to all skills.
You have very sharp teeth.
Your uncanny sense of smell can sniff out nearby items.


Message History

The magic dart hits the ogre.
The ogre is moderately wounded.
The ogre hits you with a giant club!
Casting: Magic Dart (safe; 1% risk of failure)
Confirm with . or Enter, or press ? or * to list all spells.
Aiming: Magic Dart (safe; 1% risk of failure)
Press: ? - help, Shift-Dir - straight line, f/p - ogre
Aim: an ogre, wielding a giant club (moderately wounded)
The magic dart hits the ogre.
The ogre is moderately wounded.
The ogre closely misses you.
Casting: Magic Dart (safe; 1% risk of failure)
Confirm with . or Enter, or press ? or * to list all spells.
Aiming: Magic Dart (safe; 1% risk of failure)
Press: ? - help, Shift-Dir - straight line, f/p - ogre
Aim: an ogre, wielding a giant club (moderately wounded)
The magic dart hits the ogre.
The ogre is heavily wounded.
The ogre hits you with a giant club!!
You die...

#########################
................O#......#
................@').....#
#....###.####.####.###..#
########'####.####.###..#
.....#...#..........#...#
....>'...#..........#...#
.....#...#..........#...#
#...###.###.######.###..#
###########.#############
#........#.......#


You could see an ogre.

Vanquished Creatures
  2 ogres (D:4)
  A howler monkey (D:4)
  A bullfrog skeleton (D:4)
  2 orc priests
  2 orc wizards
  Natasha (thrice) (D:3)
  A worker ant (D:3)
  Robin (D:2)
  6 adders
  2 oozes
  An adder skeleton (D:4)
  A worm (D:2)
  3 dart slugs
  5 leopard geckos
  6 orcs
  10 bats
  2 giant cockroaches
  14 goblins
  10 hobgoblins
  8 jackals
  A quokka (D:3)
  3 ball pythons
  2 frilled lizards
  3 kobolds
  8 rats
98 creatures vanquished.

Notes
Turn   | Place    | Note
-------+----------+-------------------------------------------
     0 | D:1      | JedernureinKreuz the Gnoll Conjurer began the quest for the
                  | Orb.
     0 | D:1      | Reached XP level 1. HP: 13/13 MP: 6/6
   176 | D:1      | Reached XP level 2. HP: 17/19 MP: 4/7
   820 | D:2      | Reached XP level 3. HP: 25/25 MP: 6/9
   834 | D:2      | Reached skill level 5 in Spellcasting
   882 | D:2      | Noticed Robin
   898 | D:2      | Killed Robin
   898 | D:2      | Reached skill level 1 in Invocations
   916 | D:2      | Reached skill level 1 in Fighting
   916 | D:2      | Reached skill level 1 in Short Blades
   916 | D:2      | Reached skill level 1 in Long Blades
   916 | D:2      | Reached skill level 1 in Axes
   916 | D:2      | Reached skill level 1 in Maces & Flails
   916 | D:2      | Reached skill level 1 in Polearms
   916 | D:2      | Reached skill level 1 in Staves
   916 | D:2      | Reached skill level 1 in Slings
   916 | D:2      | Reached skill level 1 in Bows
   916 | D:2      | Reached skill level 1 in Crossbows
   916 | D:2      | Reached skill level 1 in Throwing
   916 | D:2      | Reached skill level 1 in Armour
   916 | D:2      | Reached skill level 1 in Shields
   916 | D:2      | Reached skill level 1 in Unarmed Combat
   916 | D:2      | Reached skill level 1 in Evocations
   922 | D:2      | Reached XP level 4. HP: 7/32 MP: 0/11
  1197 | D:2      | Found an opulent altar of Gozag.
  1197 | D:2      | Found an iron altar of Okawaru.
  1807 | D:2      | Reached skill level 1 in Hexes
  1807 | D:2      | Reached skill level 1 in Charms
  1807 | D:2      | Reached skill level 1 in Summonings
  1807 | D:2      | Reached skill level 1 in Necromancy
  1807 | D:2      | Reached skill level 1 in Translocations
  1807 | D:2      | Reached skill level 1 in Transmutations
  1807 | D:2      | Reached skill level 1 in Fire Magic
  1807 | D:2      | Reached skill level 1 in Ice Magic
  1807 | D:2      | Reached skill level 1 in Air Magic
  1807 | D:2      | Reached skill level 1 in Earth Magic
  1807 | D:2      | Reached skill level 1 in Poison Magic
  2082 | D:3      | Noticed Natasha
  2132 | D:3      | Killed Natasha
  2132 | D:3      | Reached XP level 5. HP: 37/37 MP: 8/12
  2141 | D:3      | Noticed Natasha
  2151 | D:3      | Killed Natasha
  2309 | D:3      | Reached XP level 6. HP: 30/44 MP: 0/13
  2403 | D:3      | Noticed Natasha
  2407 | D:3      | Killed Natasha
  2537 | D:3      | Found a shadowy altar of Dithmenos.
  2537 | D:3      | Found an ornate altar of the Wu Jian Council.
  2550 | D:3      | Reached skill level 5 in Dodging
  2803 | D:4      | Learned a level 4 spell: Iskenderun's Mystic Blast
  2805 | D:4      | Reached XP level 7. HP: 50/50 MP: 2/15
  2901 | D:4      | Learned a level 3 spell: Dazzling Spray
  3112 | D:4      | Found a hazy altar of Hepliaklqana.
  3341 | D:4      | Slain by an ogre

Skill      XL: |  1  2  3  4  5  6  7 |
---------------+----------------------+-----
Spellcasting   | 5 |  5.6
Invocations    | 1 2 |  2.7
Fighting       | 1 2 |  2.5
Short Blades   | 1 2 |  2.5
Long Blades    | 1 2 |  2.5
Axes           | 1 2 |  2.5
Maces & Flails | 1 2 |  2.5
Polearms       | 1 2 |  2.5
Staves         | 1 2 |  2.5
Slings         | 1 2 |  2.5
Bows           | 1 2 |  2.5
Crossbows      | 1 2 |  2.5
Throwing       | 1 2 |  2.5
Armour         | 1 2 |  2.5
Shields        | 1 2 |  2.5
Unarmed Combat | 1 2 |  2.5
Evocations     | 1 2 |  2.5
Hexes          | 1 2 |  2.0
Charms         | 1 2 |  2.0
Summonings     | 1 2 |  2.0
Necromancy     | 1 2 |  2.0
Translocations | 1 2 |  2.0
Transmutations | 1 2 |  2.0
Fire Magic     | 1 2 |  2.0
Ice Magic      | 1 2 |  2.0
Air Magic      | 1 2 |  2.0
Earth Magic    | 1 2 |  2.0
Poison Magic   | 1 2 |  2.0
Dodging        | 5 |  5.2
Stealth        | |  4.9
Conjurations   | |  7.4

Action                   |  1- 3 |  4- 6 |  7- 9 || total
-------------------------+-------+-------+-------++-------
Melee: Unarmed           |     3 |       |       ||     3
       Short sword       |    26 |    21 |     7 ||    54
       Bite              |     2 |     3 |       ||     5
 Cast: Magic Dart        |    40 |   124 |    32 ||   196
       Iskenderun's Myst |       |     2 |     2 ||     4
 Stab: Sleeping          |     1 |       |       ||     1
  Eat: Chunk             |       |     6 |     1 ||     7
Armor: Robe              |     1 |       |       ||     1
       Leather armour    |     1 |    17 |     1 ||    19
Dodge: Dodged            |    29 |    28 |    15 ||    72
